 Dungeon Crawl Stone Soup version 0.27-a0-1188-g73eefd5def (webtiles) character file.

Game seed: 5795811097766874377

172 karrick the Grave Robber (level 5, -6/27 (28) HPs)
             Began as a Deep Elf Necromancer on May 21, 2021.
             Mangled by an ogre
             ... wielding a +0 giant club
              (22 damage)
             ... on level 4 of the Dungeon.
             The game lasted 00:04:36 (3857 turns).

karrick the Grave Robber (Deep Elf Necromancer)     Turns: 3857, Time: 00:04:36

HP:   -6/27 (28)    AC:  4    Str:  6    XL:     5   Next: 27%
MP:   14/14         EV: 12    Int: 20    God:
Gold: 128           SH:  0    Dex: 15    Spells: 7/13 levels left

rFire    . . .     SeeInvis .   b - +1 dagger
rCold    . . .     Faith    .   (no shield)
rNeg     . . .     Spirit   .   a - +0 robe
rPois    .         Reflect  .   j - +0 helmet
rElec    .         Harm     .   (no cloak)
rCorr    .         Rampage  .   (no gloves)
Will     .....                  i - +0 pair of boots
Stlth    ++........             (no amulet)
HPRegen  0.09/turn              (no ring)
MPRegen  0.14/turn              (no ring)

@: lightly drained
A: no striking features
a: no special abilities


You were on level 4 of the Dungeon.
You visited 1 branch of the dungeon, and saw 4 of its levels.

You collected 128 gold pieces.

Inventory:

Hand Weapons
 b - a +1 dagger (weapon)
Armour
 a - a +0 robe (worn)
 i - a +0 pair of boots (worn)
 j - a +0 helmet (worn)
Jewellery
 f - a ring of flight
Scrolls
 h - a scroll of enchant weapon
Potions
 c - 3 potions of magic
 d - a potion of heal wounds
 e - a potion of flight {unknown}
 g - a potion of mutation {unknown}


   Skills:
 + Level 0.3 Fighting
 + Level 2.5 Dodging
 + Level 3.0 Stealth
 + Level 4.8 Spellcasting
 + Level 6.8 Necromancy


You had 7 spell levels left.
You knew the following spells:

 Your Spells              Type           Power      Damage    Failure   Level
a - Pain                  Necr           100%       1d9       1%          1
b - Animate Skeleton      Necr           64%        N/A       1%          1
c - Animate Dead          Necr           16%        N/A       7%          4

Your spell library contained the following spells:

 Spells                   Type           Power      Damage    Failure   Level
 Vampiric Draining        Necr           16%        2d8       2%          3
 Agony                    Necr           32%        N/A       21%         5


Dungeon Overview and Level Annotations

Branches:
Dungeon (4/15)
 Temple: D:4-7

Altars:
Gozag
Okawaru

Shops:
D:3 *

Annotations:
D:3 2 transporters, ZappyNine's ghost, amateur KoEn


Message History

You now have 128 gold pieces (gained 11).
You open the door.
An orc and an orc wizard come into view.
Found 2 red potions.
There are monsters nearby!
Found a pair of boots.
You see here a +0 pair of boots.
i - a +0 pair of boots You start putting on your armour.
You continue putting on your +0 pair of boots. x4
You finish putting on your +0 pair of boots. 2 wights come into view.
An adder comes into view.
The adder hisses angrily.
The adder barely misses you.
An ogre comes into view. It is wielding a +0 giant club.
The adder bites you. The adder closely misses you.
The adder writhes in agony!
The adder barely misses you.
The adder writhes in agony!
You kill the adder!
Your Stealth skill increases to level 3!
You start resting.
Magic restored.
You start resting.
HP restored.
The wight closely misses you.
The wight hits you from afar with a +5 spear!
You feel drained.
The ogre shouts!
Okay, then.
An orc comes into view. It is wielding a +0 dagger.
The orc shouts! x2; You hear a shout!
An orc comes into view. It is wielding a +0 short sword.
The orc completely misses you. The ogre closely misses you.
An iguana comes into view.
The orc hits you but does no damage. The orc hits you with a +0 war axe.
The ogre hits you with a +0 giant club!!
Ouch! That really hurt!
You die...

#...).# #.....# ###
#..... . ... #....# l
#.##....# #. .......#
####.### #.....#
#....... #.@...# ..
#......###O#.......
#... #.
#.......oz.#...####
.... . #.......o###.#.#
#..... #
######............#...
#.....##
................### .##
#.....#
#####.#####.##...... .
#.....## #.#
#.##!.o.....# #.......
#.#
#.##........##.#.....#.


You could see an ogre, a wight and 2 orcs.

Vanquished Creatures
  Jessica (D:2)
  Terence (D:2)
  A howler monkey skeleton (D:2)
  5 adders
  An adder skeleton (D:4)
  2 worms (D:2)
  2 dart slugs
  An orc (D:3)
  6 ball pythons
  5 bats
  3 endoplasms
  2 giant cockroaches (D:1)
  4 goblins
  7 hobgoblins
  4 quokkas
  4 frilled lizards
  4 kobolds
  A rat (D:2)
54 creatures vanquished.

Notes
Turn   | Place    | Note
-------+----------+-------------------------------------------
     0 | D:1      | karrick the Deep Elf Necromancer began the quest for the
                  | Orb.
     0 | D:1      | Reached XP level 1. HP: 10/10 MP: 6/6
   278 | D:1      | Reached skill level 5 in Necromancy
   369 | D:1      | Reached XP level 2. HP: 7/15 MP: 5/8
  1486 | D:1      | Reached XP level 3. HP: 14/19 MP: 5/10
  2042 | D:2      | Noticed Jessica
  2046 | D:2      | Killed Jessica
  2047 | D:2      | Reached skill level 6 in Necromancy
  2047 | D:2      | Reached XP level 4. HP: 14/24 MP: 8/12
  2336 | D:2      | Found a faded altar of an unknown god.
  2443 | D:2      | Noticed Terence
  2449 | D:2      | Killed Terence
  2825 | D:3      | Found Gozag's Platinum Reserve.
  2831 | D:3      | Found an opulent altar of Gozag.
  2843 | D:3      | Found a transporter.
  2853 | D:3      | Noticed ZappyNine's ghost (amateur KoEn)
  2917 | D:3      | Found a transporter.
  2941 | D:3      | Found an iron altar of Okawaru.
  2960 | D:3      | Reached XP level 5. HP: 25/28 MP: 10/14
  3436 | D:4      | Learned a level 1 spell: Animate Skeleton
  3441 | D:4      | Learned a level 4 spell: Animate Dead
  3799 | D:4      | Noticed an ogre
  3857 | D:4      | Mangled by an ogre

Illustrated notes

Levels and vault maps discovered:
D:1:      minmay_arrival_widening_spiral_narrow, layout_rooms,
          amcnicky_mini_rare_corridor_liquid
D:2:      layout_rooms, hellmonk_ecumenical_altar_arch_garden, kennysheep_boxes,
          uniq_terence, uniq_jessica
D:3:      layout_basic, lemuel_blue_sif_altar, okawaru_metal_pillars_3,
          nicolae_gozag_zags_fifth_avenue, gammafunk_ghost_stat_death
D:4:      layout_basic, hangedman_abyss_or_decor_stabs

Skill      XL: |  1  2  3  4  5 |
---------------+----------------+-----
Necromancy     | 5 6 |  6.8
Spellcasting   | 4 |  4.8
Stealth        | 3 |  3.0
Fighting       | |  0.3
Dodging        | |  2.5

Action                   |  1- 3 |  4- 6 || total
-------------------------+-------+-------++-------
Melee: Dagger            |       |    40 ||    40
 Cast: Pain              |    56 |    42 ||    98
  Use: Scroll            |       |     3 ||     3
       Potion            |       |     1 ||     1
 Stab: Sleeping          |       |     1 ||     1
Armor: Robe              |     2 |    11 ||    13
Dodge: Dodged            |       |    50 ||    50

Table legend: (Time is in decaauts)
 A = Elapsed time spent in this place.
 B = Non-inter-level travel time spent in this place.
 C = Inter-level travel time spent in this place.
 D = Time resting spent in this place.
 E = Time spent auto-exploring this place.
 F = Levels seen in this place.
 G = Mean time per level.
                   A        B        C        D        E       F      G
               +--------+--------+--------+--------+--------+-----+--------+
         Total |   3855 |   3792 |     63 |    305 |   3046 |   4 |  963.8 |
       Dungeon |   3855 |   3792 |     63 |    305 |   3046 |   4 |  963.8 |
               +--------+--------+--------+--------+--------+-----+--------+

Top non-repeatable levels by time:
     D:1: 1637 daAuts
     D:2: 1186 daAuts
     D:4: 851 daAuts
     D:3: 179 daAuts
